 Dungeon Crawl Stone Soup version 0.29-a0-839-g4793fd635e (webtiles) character file.

Game seed: 6941344333738922626

368264 wrnklr the Imperceptible (level 21, -6/113 HPs)
             Began as a Spriggan Enchanter on July 13, 2022.
             Was the Champion of Dithmenos.
             Killed from afar by a deep elf annihilator (59 damage)
             ... with an iron shot
             ... on level 3 of the Elven Halls on July 14, 2022.
             The game lasted 02:02:54 (56501 turns).

wrnklr the Imperceptible (Spriggan Enchanter)      Turns: 56501, Time: 02:02:56

Health: -6/113     AC: 19    Str: 11    XL:     21   Next: 64%
Magic:  24/41      EV: 29    Int: 20    God:    Dithmenos [******]
Gold:   5529       SH: 12    Dex: 19    Spells: 30/60 levels left

rFire   + + +      SeeInvis +   b - +7 dagger (drain)
rCold   . . .      Faith    .   h - +3 warlock's mirror {reflect}
rNeg    + . .      Spirit   .   Q - +5 steam dragon scales
rPois   .          Reflect  +   r - +2 hat
rElec   .          Harm     .   t - +2 cloak {rCorr}
rCorr   +          Rampage  .   (gloves unavailable)
Will    +++++                   (boots unavailable) Stlth **********
                                X - amulet "Ostrythri" {Fly Regen+ Dex-2 Stlth+}
HPRegen 1.08/turn               p - ring of Satyriasis {rF+ rN+ Will+ Slay+5}
MPRegen 0.27/turn               e - ring "Jomalut" {rF+ Will+ AC+4 Int+3}

@: confusing by touch, flying, wreathed by umbra, studying 2 skills, very quick
A: very small, no large weapons, unfitting armour, see invisible, speed 3, agile
1, fire resistance 1, low MP 1, MP-powered wands
}: 2/15 runes: serpentine, barnacled
a: Renounce Religion, Shadow Step, Shadow Form


You were on level 3 of the Elven Halls.
You worshipped Dithmenos.
Dithmenos was exalted by your worship.
You visited 8 branches of the dungeon, and saw 39 of its levels.
You also visited: Bailey, Gauntlet and Ice Cave.

You collected 8653 gold pieces.
You spent 3124 gold pieces at shops.

Inventory:

Hand Weapons
 b - a +7 dagger of draining (weapon)
 g - a +1 rapier of electrocution
Missiles
 A - 7 curare-tipped darts (quivered)
 G - 4 datura-tipped darts
Armour
 h - the +3 warlock's mirror (worn) {reflect}
   (You bought it in a shop on level 2 of the Orcish Mines)

   It can block and reflect piercing ranged attacks and magical attacks against
   the wielder's willpower.
 r - a +2 hat (worn)
 t - a +2 cloak of preservation (worn)
 N - the +1 robe of Philately {Regen+ rCorr SInv}
   (You found it on level 12 of the Dungeon)

   SInv:      It lets you see invisible.
   Regen:     It increases your rate of health regeneration.
   rCorr:     It protects you from acid and corrosion.
 Q - +5 steam dragon scales (worn)
 R - the +0 hat "Ajewkur" {rF+}
   (You found it in a Gauntlet)

   rF:        It protects you from fire.
Jewellery
 e - the ring "Jomalut" (right hand) {rF+ Will+ AC+4 Int+3}
   (You found it on level 13 of the Dungeon)

   [ring of protection]

   AC:        It affects your AC (+4).
   Int:       It affects your intelligence (+3).
   rF:        It protects you from fire.
   Will:      It increases your willpower.
 p - the ring of Satyriasis (left hand) {rF+ rN+ Will+ Slay+5}
   (You acquired it on level 3 of the Dungeon)

   [ring of positive energy]

   Slay:      It affects your accuracy & damage with ranged weapons and melee
   (+5).
   rF:        It protects you from fire.
   rN:        It protects you from negative energy.
   Will:      It increases your willpower.
 w - a ring of flight
 M - the amulet "Rocherenn" {RegenMP +Blink rCorr Stlth+}
   (You took it off an ironbound convoker on level 3 of the Vaults)

   [amulet of magic regeneration]

   It increases your rate of magic regeneration.
   +Blink:    It lets you blink.
   rCorr:     It protects you from acid and corrosion.
   Stlth:     It makes you more stealthy.
 X - the amulet "Ostrythri" (around neck) {Fly Regen+ Dex-2 Stlth+}
   (You acquired it on level 4 of the Snake Pit)

   [amulet of regeneration]

   Dex:       It affects your dexterity (-2).
   Fly:       It grants you flight.
   Regen:     It increases your rate of health regeneration.
   Stlth:     It makes you more stealthy.
Wands
 a - a wand of digging (4)
 n - a wand of polymorph (14)
 v - a wand of light (40)
 y - a wand of iceblast (46)
 Y - a wand of paralysis (15)
Scrolls
 c - a scroll of amnesia
 d - 4 scrolls of enchant armour
 f - a scroll of silence
 m - 12 scrolls of teleportation
 x - a scroll of brand weapon
 F - 4 scrolls of blinking
 H - 5 scrolls of magic mapping
 I - 5 scrolls of fog
 T - 7 scrolls of fear
 V - a scroll of summoning
 W - 7 scrolls of immolation
Potions
 i - 7 potions of brilliance
 j - 7 potions of flight
 l - 7 potions of haste
 o - 12 potions of mutation
 q - 20 potions of curing
 s - 7 potions of cancellation
 z - 5 potions of heal wounds
 C - 3 potions of resistance
 D - 3 potions of magic
 E - 8 potions of might
 O - 5 potions of berserk rage
 S - 4 potions of ambrosia
Miscellaneous
 k - a phantom mirror
 B - a condenser vane
 K - a phial of floods
 P - a lightning rod (4/4)
 U - a box of beasts


   Skills:
 + Level 13.1 Fighting
 - Level 12.0 Short Blades
 + Level 15.9 Dodging
 + Level 24.6 Stealth
 - Level 9.0 Shields
 + Level 20.0 Spellcasting
 + Level 24.3 Hexes
 - Level 8.0 Earth Magic


You had 30 spell levels left.
You knew the following spells:

 Your Spells              Type           Power      Damage    Failure   Level
a - Ensorcelled Hibernat  Hex/Ice        100%       N/A       1%          2
b - Tukima's Dance        Hex            87%        N/A       0%          3
c - Dazzling Flash        Conj/Hex       100%       N/A       1%          3
d - Confusing Touch       Hex            87%        N/A       0%          3
e - Blink                 Tloc           40%        N/A       6%          2
f - Discord               Hex            43%        N/A       1%          8
g - Cause Fear            Hex            43%        N/A       0%          4
h - Lee's Rapid Deconstr  Erth           25%        3d15*     4%          5

Your spell library contained the following spells:

 Spells                   Type           Power      Damage    Failure   Level
 Slow                     Hex            100%       N/A       0%          1
 Inner Flame              Hex/Fire       62%        N/A       1%          3
 Portal Projectile        Hex/Tloc       100%       N/A       1%          3
 Anguish                  Hex/Necr       31%        N/A       1%          4
 Leda's Liquefaction      Hex/Erth       35%        N/A       1%          4
 Apportation              Tloc           40%        N/A       4%          1
 Beastly Appendage        Tmut           40%        N/A       4%          1
 Foxfire                  Conj/Fire      80%        2x1d8     4%          1
 Magic Dart               Conj           80%        1d7       4%          1
 Necrotise                Necr           80%        1d8       4%          1
 Shock                    Conj/Air       80%        1d8       4%          1
 Sting                    Tmut/Pois      80%        1d7       4%          1
 Summon Small Mammal      Summ           80%        N/A       4%          1
 Poisonous Vapours        Pois/Air       40%        N/A       6%          2
 Scorch                   Fire           40%        2d7       6%          2
 Static Discharge         Conj/Air       20%        3-6/arc   6%          2
 Sublimation of Blood     Necr           20%        N/A       6%          2
 Wereblood                Tmut           20%        N/A       6%          2
 Animate Armour           Summ/Erth      72%        N/A       8%          4
 Petrify                  Tmut/Erth      36%        N/A       8%          4
 Conjure Flame            Conj/Fire      20%        6-21      12%         3
 Gell's Gravitas          Tloc           20%        N/A       12%         3
 Ignite Poison            Fire/Tmut/Pois 20%        N/A       12%         3
 Lesser Beckoning         Tloc           20%        N/A       12%         3
 Mephitic Cloud           Conj/Pois/Air  20%        N/A       12%         3
 Spider Form              Tmut/Pois      20%        N/A       12%         3
 Teleport Other           Tloc           20%        N/A       12%         3
 Vampiric Draining        Necr           20%        2d7       12%         3
 Borgnjor's Vile Clutch   Necr/Erth      18%        N/A       22%         5
 Airstrike                Air            10%        0-4+      38%         4
 Animate Dead             Necr           20%        N/A       38%         4
 Corpse Rot               Necr/Pois/Air  20%        N/A       38%         4
 Dispel Undead            Necr           20%        3d11      38%         4
 Flame Wave               Conj/Fire      20%        2d7       38%         4
 Olgreb's Toxic Radiance  Pois           20%        N/A       38%         4
 Sticky Flame             Conj/Fire      20%        2d4       38%         4
 Summon Lightning Spire   Summ/Air       20%        N/A       38%         4
 Agony                    Necr           20%        N/A       75%         5
 Alistair's Intoxication  Tmut/Pois      13%        N/A       75%         5
 Blade Hands              Tmut           10%        N/A       75%         5
 Fireball                 Conj/Fire      10%        3d6       75%         5
 Freezing Cloud           Conj/Ice/Air   10%        6-21      75%         5
 Irradiate                Conj/Tmut      10%        3d15      75%         5
 Iskenderun's Battlesphe  Conj           20%        2d7       75%         5
 Lightning Bolt           Conj/Air       10%        1d23      75%         5
 Manifold Assault         Tloc           20%        N/A       75%         5
 Iron Shot                Conj/Erth      18%        9d4       77%         6
 Statue Form              Tmut/Erth      24%        N/A       77%         6
 Conjure Ball Lightning   Conj/Air       10%        3x3d6     99%         6
 Death Channel            Necr           10%        N/A       99%         6
 Eringya's Noxious Bog    Tmut/Pois      10%        N/A       99%         6
 Summon Cactus Giant      Summ           10%        N/A       99%         6
 Malign Gateway           Summ/Tloc      10%        N/A       100%        7
 Orb of Destruction       Conj           10%        9d6       100%        7
 Spellforged Servitor     Conj/Summ      10%        N/A       100%        7
 Summon Hydra             Summ           10%        N/A       100%        7
 Disjunction              Tloc           10%        N/A       100%        8
 Summon Horrible Things   Summ           10%        N/A       100%        8


Dungeon Overview and Level Annotations

Branches:
Dungeon (15/15)            Temple (1/1) D:5            Lair (6/6) D:10
 Shoals (4/4) Lair:3        Snake (4/4) Lair:2        Slime (0/5) Lair:5
    Orc (2/2) D:10            Elf (3/3) Orc:2        Vaults (4/5) D:13
  Crypt (0/3) Vaults:3     Depths (0/4) D:15         Bailey (visited)
  IceCv (visited)         Gauntlet (visited)

Altars:
Ashenzari
Cheibriados
Dithmenos
Elyvilon
Fedhas
Gozag
Hepliaklqana
Kikubaaqudgha
Makhleb
Nemelex Xobeh
Okawaru
Qazlal
Ru
Sif Muna
Trog
Uskayaw
Vehumet
Wu Jian
Xom
Yredelemnul
Zin
The Shining One
Jiyva

Shops:
D:10 *   D:11 ([   Orc:1 *   Orc:2 ([[[   Elf:1 (*   Snake:4 *(?[!
Vaults:1 [(?=   Vaults:2 *

Portals:
Abyss: D:4

Annotations:
D:4 2 transporters, capka3m's ghost, amateur DEEE
D:6 2 transporters, mutifu's ghost, novice DjGl
D:14 3 runed translucent doors, Lekart's ghost, journeyman DrFi
Lair:4 1 runed translucent door, 27snakeeyes612's ghost, journeyman TrBe
Shoals:3 3 runed translucent doors, Vabbol's ghost, journeyman TrBr
Elf:2 5 runed translucent doors


Innate Abilities, Weirdness & Mutations

You are very small and have problems with some larger weapons.
You are too small for most types of armour.
You have supernaturally acute eyesight. (SInv)
You cover ground extremely quickly. (Speed+++)
You are agile. (Dex +4, Str/Int -1)
Your flesh is heat resistant. (rF+)
Your magical capacity is low. (-10% MP)
You expend magic power (3 MP) to strengthen your wands.


Message History

The crystal spear hits the deep elf annihilator!!!
You kill the deep elf annihilator!
Dithmenos accepts your kill.
Unknown command.
Casting: Confusing Touch (safe; 0% risk of failure)
Confirm with . or Enter, or press ? or * to list all spells.
Your hands begin to glow brighter.
Unknown command.
Unknown command.
Casting: Confusing Touch (safe; 0% risk of failure)
Confirm with . or Enter, or press ? or * to list all spells.
Casting: Discord (dangerous; 1% risk of failure)
Press: ? - help, Dir - look around, f - activate The deep elf annihilator resists with some effort.
Unknown command.
The deep elf annihilator mumbles some strange words.
The deep elf annihilator blinks!
You start resting.
A deep elf annihilator is nearby!
A deep elf annihilator is nearby!
The deep elf annihilator points at you and mumbles some strange words.
The iron shot hits you!!!
You emit a cloud of dark smoke.
Casting: Discord (dangerous; 1% risk of failure)
Confirm with . or Enter, or press ? or * to list all spells.
Your hands begin to glow brighter.
You are too injured to fight recklessly!
You are too injured to fight recklessly!
You are too injured to fight recklessly!
You are too injured to fight recklessly!
You are too injured to fight recklessly!
You are too injured to fight recklessly!
You hit the deep elf annihilator but do no damage.
The deep elf annihilator is moderately wounded.
You hit the deep elf annihilator but do no damage.
The deep elf annihilator is moderately wounded.
Your shadow hits the deep elf annihilator with a dagger.
The deep elf annihilator points at you and mumbles some strange words.
The iron shot hits you!!!
Ouch! That really hurt!
You die...

# ##.##.###.#.#######.8[.... #
##..####.<#.####...)).'). #
######.......)...#...'....### #
#.).#.######.##..#...######
#####..))## #.#...#..###.#.##
§e§....[.)######..#......###.#.##
#####.....e..............####.#.#
##.....######e###....#........
##.#...## ####@####..#.######.#
#.###### ##.§§§§..#####.## ##.
###.## #.§.§.§...# ##.####..
#....#### #.........# ##......
........# #.........# ####...
........# #.........# ##..
.....=..# #......^..# ###
#....#### #.........# ######
##.......##


You could see a deep elf annihilator.

Vanquished Creatures
  Vashnia (Snake:4)
  Nikola (Shoals:1)
  2 sphinxes
  Polyphemus (Shoals:2)
  A kraken (Shoals:3)
  Agnes (D:15)
  3 nagarajas
  Ilsuiw (Shoals:2)
  A fire giant (Vaults:2)
  A deep elf sorcerer (Elf:3)
  6 vault wardens
  A frost giant (Vaults:3)
  Aizul (Snake:2)
  An orc warlord (Vaults:2)
  A deep elf elementalist (Elf:3)
  A ghoul (Vaults:3)
  3 very ugly things
  4 ironbound preservers
  A stone giant (D:12)
  4 ironbound thunderhulks
  A war gargoyle (Vaults:4)
  3 deep elf annihilators
  An entropy weaver (shapeshifter) (Vaults:3)
  3 minotaurs
  An entropy weaver (Vaults:4)
  4 dire elephants
  3 merfolk impalers
  A fire dragon (D:14)
  3 deep elf death magi
  2 merfolk javelineers
  3 ettins
  Snorg (D:13)
  5 yaktaur captains
  4 great orbs of eyes
  Josephine (Lair:4)
  5 boulder beetles
  10 vault guards
  Harold (D:10)
  2 deep elf high priests (Elf:3)
  7 hydras
  2 merfolk avatars (Shoals:3)
  2 peacekeepers
  6 centaur warriors
  4 ironbound frosthearts
  7 satyrs (Shoals:4)
  15 anacondas
  4 catoblepae
  13 death yaks
  A merfolk aquamancer (Shoals:3)
  A death scarab (Gauntlet)
  8 naga warriors
  12 two-headed ogres
  14 dancing weapons
  4 ogre magi (Orc:2)
  A deep troll shaman (Lair:6)
  Urug (D:10)
  An orc high priest (Orc:2)
  4 tengu warriors (D:14)
  4 naga sharpshooters
  6 shock serpents
  A vampire mage (Vaults:3)
  Sonja (D:13)
  4 deep elf knights
  6 sea snakes
  10 deep trolls
  2 salamander mystics (Snake:2)
  3 naga ritualists
  2 bog bodies (IceCv)
  5 deep elf archers
  5 ironbound convokers
  2 lindwurms
  23 harpies
  20 deep elf zephyrmancers
  9 wizards
  Pikel (D:7)
  3 necromancers
  18 deep elf pyromancers
  6 orc knights
  5 fauns
  24 ugly things
  A phantasmal warrior (D:12)
  11 mana vipers
  3 salamanders
  2 orc sorcerers
  3 oklob plants
  5 cyclopes
  15 manticores
  10 merfolk sirens
  11 vault sentinels
  34 elephants
  2 guardian serpents
  Joseph (D:7)
  An ice statue (IceCv)
  4 cane toads
  9 centaur zombies
  14 naga magi
  19 black mambas
  4 gargoyles
  A centaur skeleton (D:15)
  5 water nymphs
  A torpor snail (Lair:3)
  A minotaur zombie (Gauntlet)
  6 rime drakes
  3 unseen horror zombies (D:10)
  Maggie (Lair:2)
  Psyche (D:10)
  7 komodo dragons
  An anaconda simulacrum (IceCv)
  2 efreet
  21 yaktaurs
  2 ice devils (Orc:2)
  2 tengu conjurers
  2 entropy weaver simulacra (IceCv)
  A tyrant leech (Gauntlet)
  9 merfolk
  8 trolls
  A wind drake (Shoals:2)
  A queen bee (Lair:4)
  Prince Ribbit (Bailey)
  3 meliai (Lair:4)
  4 snapping turtles
  5 polar bears
  13 blink frogs
  14 slime creatures
  10 dream sheep
  2 centaur simulacra
  8 wraiths
  A dire elephant simulacrum (IceCv)
  4 fire elementals (Elf:1)
  A spriggan (shapeshifter) (Elf:1)
  7 water elementals
  2 vampires
  2 air elementals (Elf:2)
  44 yaks
  4 wyverns
  A shadow (D:10)
  23 humans
  A spectral komodo dragon (Gauntlet)
  4 basilisks
  A steam dragon (Lair:4)
  A death yak simulacrum (IceCv)
  A hog (Snake:3)
  A harpy simulacrum (IceCv)
  11 vampire mosquitoes
  29 nagas
  2 wargs
  2 swamp worms (Gauntlet)
  3 acid dragons
  19 water moccasins
  10 orc warriors
  3 sky beasts
  An ice beast (D:7)
  27 ogres
  4 black bears
  21 wolves
  12 centaurs
  A phantom (D:4)
  2 lemures (D:7)
  4 kobold brigands
  19 bullfrogs
  A necrophage (D:7)
  3 gnoll sergeants
  3 earth elementals
  3 cane toad simulacra (IceCv)
  3 scorpions
  6 two-headed ogre simulacra (IceCv)
  2 water moccasin zombies (D:5)
  4 elephant simulacra (IceCv)
  40 killer bees
  3 howler monkeys (D:12)
  2 bullfrog zombies (D:5)
  2 hounds
  9 orc priests
  A jelly (D:8)
  3 gnoll boudas
  5 iguanas
  An iron imp (D:10)
  5 hell rats (Lair:1)
  10 orc wizards
  7 troll simulacra (IceCv)
  10 spriggan simulacra (IceCv)
  3 polar bear simulacra (IceCv)
  A wolf simulacrum (IceCv)
  A hound zombie (D:5)
  A howler monkey zombie (D:5)
  4 adders
  18 gnolls
  3 naga simulacra (IceCv)
  5 white imps
  4 ufetubi
  2 worms (D:2)
  5 dart slugs
  46 orcs
  A ball python (D:3)
  4 endoplasms
  2 giant cockroaches (D:2)
  9 hobgoblins
  6 jackals
  4 quokkas
  3 bats
  4 frilled lizards
  9 goblins
  26 kobolds
  3 rats
1197 creatures vanquished.

Vanquished Creatures (collateral kills)
  3 sphinxes (Vaults:3)
  Kirke (Snake:3)
  A tengu reaver (Vaults:3)
  A shadow dragon (Vaults:3)
  3 nagarajas (Snake:4)
  3 deep elf sorcerers (Elf:3)
  An iron dragon (Vaults:3)
  2 orc warlords (Vaults:3)
  4 vault wardens
  A deep elf elementalist (Elf:3)
  A war gargoyle (Vaults:3)
  4 ironbound preservers
  7 very ugly things
  A stone giant (Vaults:3)
  5 ironbound thunderhulks
  2 deep elf demonologists (Elf:3)
  A deep elf annihilator (Elf:3)
  A minotaur (Shoals:4)
  A crystal guardian (Vaults:2)
  2 deep elf death magi
  3 great orbs of eyes
  A merfolk javelineer (Shoals:2)
  2 deep elf high priests (Elf:3)
  3 yaktaur captains
  6 vault guards
  An ice dragon (Vaults:3)
  4 ironbound frosthearts
  A centaur warrior (Shoals:3)
  6 naga warriors
  A two-headed ogre (shapeshifter) (Vaults:3)
  A merfolk aquamancer (Shoals:3)
  3 anacondas (Snake:4)
  A death knight (Vaults:3)
  4 satyrs
  2 tengu warriors (D:15)
  A vampire mage (Vaults:3)
  4 naga sharpshooters (Snake:4)
  2 shock serpents
  5 deep elf knights
  A hell knight (Vaults:3)
  A salamander mystic (Snake:4)
  5 naga ritualists
  2 glowing orange brains
  11 deep trolls
  8 deep elf archers
  A sea snake (Shoals:2)
  3 wizards
  8 harpies
  5 ironbound convokers
  4 orc knights
  2 phantasmal warriors
  5 mana vipers
  10 lindwurms
  12 ugly things
  4 deep elf zephyrmancers
  13 deep elf pyromancers
  6 salamanders
  A cyclops (Shoals:1)
  5 manticores
  7 fauns
  A merfolk siren (Shoals:1)
  8 naga magi
  5 vault sentinels
  11 black mambas
  A guardian serpent (Snake:4)
  A water nymph (Shoals:1)
  36 yaktaurs
  A komodo dragon (Lair:2)
  14 merfolk
  2 wind drakes
  3 dancing weapons
  2 snapping turtles
  4 dream sheep (Shoals:1)
  2 slime creatures (Vaults:4)
  3 hogs (Snake:3)
  A human (Snake:3)
  6 water elementals (Shoals:3)
  24 nagas
  A black bear (shapeshifter) (Elf:2)
  A gnoll bouda (D:8)
  A gnoll (D:3)
  An orc (Bailey)
  A goblin (Bailey)
340 creatures vanquished.

Vanquished Creatures (others)
  3 deep elf master archers (Elf:3)
  2 deep elf sorcerers (Elf:3)
  A frost giant (Vaults:3)
  An orc warlord (Vaults:1)
  A deep elf elementalist (Elf:3)
  An ironbound preserver (Vaults:1)
  2 deep elf demonologists (Elf:3)
  A deep elf annihilator (Elf:3)
  A merfolk impaler (Shoals:2)
  A merfolk javelineer (Shoals:2)
  2 deep elf high priests (Elf:3)
  2 vault guards (Vaults:3)
  4 naga warriors (Snake:4)
  2 anacondas (Snake:4)
  4 satyrs (Shoals:4)
  A naga sharpshooter (Snake:4)
  3 deep elf knights (Elf:3)
  A salamander mystic (Snake:4)
  A death drake (shapeshifter) (Vaults:1)
  A lindwurm (Vaults:1)
  2 naga ritualists (Snake:4)
  A mana viper (Snake:4)
  A harpy (Shoals:1)
  A wizard (Vaults:4)
  An orc knight (Vaults:3)
  3 deep elf pyromancers
  4 deep elf zephyrmancers
  2 ugly things (Vaults:4)
  A merfolk siren (Shoals:4)
  A black mamba (shapeshifter) (Elf:3)
  4 black mambas (Snake:4)
  2 vault sentinels
  5 yaktaurs
  A freezing wraith (Vaults:3)
  3 merfolk
  2 wind drakes
  A human (D:13)
  3 dancing weapons
  2 nagas
  An orc (D:3)
  42 fungi
  81 plants
  4 withered plants (D:10)
203 creatures vanquished.

Grand Total: 1740 creatures vanquished

Notes
Turn   | Place    | Note
-------+----------+-------------------------------------------
     0 | D:1      | wrnklr the Spriggan Enchanter began the quest for the Orb.
     0 | D:1      | Reached XP level 1. HP: 9/9 MP: 5/5
   296 | D:1      | Found a faded altar of an unknown god.
   302 | D:1      | Reached XP level 2. HP: 4/13 MP: 7/7
   314 | D:1      | Learned a level 2 spell: Ensorcelled Hibernation
  1694 | D:2      | Reached XP level 3. HP: 16/16 MP: 6/9
  2214 | D:2      | Learned a level 3 spell: Tukima's Dance
  2218 | D:2      | Learned a level 3 spell: Confusing Touch
  2234 | D:2      | You fall into a shaft and drop 2 floors!
  2309 | D:3      | Reached skill level 5 in Hexes
  2309 | D:3      | Reached XP level 4. HP: 19/21 MP: 1/11
  2411 | D:2      | Got Cotips's Almanac of Ozone
  3133 | D:3      | Found a radiant altar of Vehumet.
  3219 | D:3      | Identified a scroll of acquirement
  3219 | D:3      | Acquired the ring of Satyriasis {rF+ rN+ Will+ Slay+5}
  3720 | D:4      | Found a one-way gate to the infinite horrors of the Abyss.
  3720 | D:4      | Noticed capka3m's ghost (amateur DEEE)
  3722 | D:4      | Noticed a small abomination
  3723 | D:4      | Noticed an ancient zyme
  3751 | D:4      | Noticed a scorpion
  3761 | D:4      | Killed a scorpion
  3762 | D:4      | Reached skill level 5 in Spellcasting
  3762 | D:4      | Reached XP level 5. HP: 20/24 MP: 5/13
  3926 | D:4      | Noticed a phantom
  3940 | D:4      | Killed a phantom
  3941 | D:4      | Reached skill level 5 in Stealth
  4331 | D:4      | Reached XP level 6. HP: 28/28 MP: 15/15
  4580 | D:4      | Found a transporter.
  4651 | D:4      | Found a transporter.
  5118 | D:5      | Entered Level 5 of the Dungeon
  5156 | D:5      | Acquired a book of Chaos
  5162 | D:5      | Identified the +4 plate armour "Ufisuqir" {rN+ Str-4 Int+5
                  | Dex-3}
  5712 | D:5      | Found a basalt altar of Yredelemnul.
  5767 | D:5      | Reached XP level 7. HP: 18/32 MP: 14/17
  6203 | D:5      | Found a staircase to the Ecumenical Temple.
  6216 | Temple   | Entered the Ecumenical Temple
  6258 | Temple   | Became a worshipper of Dithmenos the Shadowed
  6430 | D:6      | Found a broken altar of Ashenzari.
  6431 | D:6      | Found a sparkling altar of Nemelex Xobeh.
  6881 | D:6      | Reached XP level 8. HP: 28/36 MP: 20/20
  7013 | D:6      | Noticed mutifu's ghost (novice DjGl)
  7031 | D:6      | Found a transporter.
  7380 | D:6      | Found a transporter.
  7608 | D:7      | Noticed Pikel
  7639 | D:7      | Reached * piety under Dithmenos
  7651 | D:7      | Killed Pikel
  7652 | D:7      | Reached skill level 10 in Stealth
  7700 | D:7      | Noticed Joseph
  7703 | D:7      | Found a flagged portal.
  7708 | Bailey   | Entered a bailey
  7872 | Bailey   | Reached XP level 9. HP: 29/39 MP: 12/23
  8176 | Bailey   | Reached skill level 1 in Fighting
  8293 | Bailey   | Noticed Prince Ribbit
  8293 | Bailey   | Noticed a vault guard
  8317 | Bailey   | Killed Prince Ribbit
  8321 | Bailey   | Killed a vault guard
  8322 | Bailey   | Reached skill level 10 in Hexes
  8440 | Bailey   | Noticed a vault guard
  8462 | Bailey   | Killed a vault guard
  8463 | Bailey   | Reached skill level 5 in Dodging
  8463 | Bailey   | Reached skill level 10 in Spellcasting
  8463 | Bailey   | Reached XP level 10. HP: 14/47 MP: 20/25
  8729 | Bailey   | HP: 2/47 [human/+3 vorpal hand axe (3)]
  9217 | D:7      | Found an iron altar of Okawaru.
  9651 | D:7      | Reached ** piety under Dithmenos
  9732 | D:7      | Killed Joseph
 10116 | D:8      | Found an ancient bone altar of Kikubaaqudgha.
 10746 | D:8      | Reached skill level 5 in Short Blades
 11092 | D:8      | Reached *** piety under Dithmenos
 11310 | D:8      | Reached XP level 11. HP: 53/53 MP: 26/26
 12336 | D:10     | Entered Level 10 of the Dungeon
 12346 | D:10     | Found a snail-covered altar of Cheibriados.
 12357 | D:10     | Found a hazy altar of Hepliaklqana.
 12367 | D:10     | Noticed Urug
 12368 | D:10     | Noticed Harold
 12369 | D:10     | Noticed Psyche
 12371 | D:10     | Killed Urug
 12377 | D:10     | Killed Harold
 12383 | D:10     | Killed Psyche
 13116 | D:10     | Reached **** piety under Dithmenos
 13364 | D:10     | Noticed a two-headed ogre
 13366 | D:10     | Killed a two-headed ogre
 13367 | D:10     | Reached skill level 5 in Fighting
 13711 | D:10     | Reached XP level 12. HP: 60/60 MP: 28/28
 13933 | D:10     | Found a staircase to the Orcish Mines.
 14086 | D:10     | Found a glowing silver altar of Zin.
 14086 | D:10     | Found Zin's Purification Station.
 14251 | D:10     | Gained mutation: Your magical capacity is low. (-10% MP)
                  | [potion of mutation]
 14251 | D:10     | Gained mutation: You are agile. (Dex +4, Str/Int -1)
                  | [potion of mutation]
 14251 | D:10     | Gained mutation: Your flesh is heat resistant. (rF+)
                  | [potion of mutation]
 14251 | D:10     | Gained mutation: You expend magic power (3 MP) to
                  | strengthen your wands. [potion of mutation]
 14268 | D:10     | Found a staircase to the Lair.
 14462 | D:10     | Noticed a seven-headed hydra
 14475 | D:10     | Killed a seven-headed hydra
 15045 | D:11     | Found Cypacyh's Weapon Shoppe.
 15082 | D:11     | Identified the +7 halberd of the Manifold Songs {flame,
                  | Int+5 Dex+2 SInv}
 15084 | D:11     | Found Luedgh's Armour Shoppe.
 15165 | D:11     | Reached skill level 15 in Stealth
 15611 | D:12     | Reached ***** piety under Dithmenos
 15802 | D:12     | Noticed a boulder beetle
 15817 | D:12     | Found a runed translucent door.
 15817 | D:12     | Noticed an ettin
 15817 | D:12     | Noticed a stone giant
 15818 | D:12     | Noticed a boulder beetle
 15826 | D:12     | Noticed a yaktaur captain
 15827 | D:12     | Killed a boulder beetle
 15844 | D:12     | Killed a boulder beetle
 15948 | D:12     | Reached skill level 10 in Dodging
 16860 | D:12     | Identified the +1 robe of Philately {Regen+ rCorr SInv}
 16910 | D:12     | Reached XP level 13. HP: 65/65 MP: 27/27
 17773 | D:12     | Killed an ettin
 17783 | D:12     | Killed a stone giant
 17962 | D:13     | Noticed Sonja
 17964 | D:13     | Noticed Snorg
 17969 | D:13     | Killed Sonja
 17990 | D:13     | Killed Snorg
 18130 | D:13     | Identified the ring "Jomalut" {rF+ Will+ AC+4 Int+3}
 18625 | D:13     | Found a gate to the Vaults.
 18853 | D:13     | Identified the +2 pair of boots "Maelu" {Regen+}
 19525 | D:14     | Reached XP level 14. HP: 72/72 MP: 29/29
 19549 | D:14     | Reached skill level 10 in Short Blades
 19630 | D:14     | Found a runed translucent gate.
 19631 | D:14     | Found a runed translucent gate.
 19641 | D:14     | Found a runed translucent gate.
 19820 | D:14     | Noticed Lekart's ghost (journeyman DrFi)
 19825 | D:14     | Noticed a war gargoyle
 20218 | Lair:1   | Entered Level 1 of the Lair of Beasts
 21012 | Lair:2   | Noticed Maggie
 21019 | Lair:2   | Killed Maggie
 21170 | Lair:2   | Found a staircase to the Snake Pit.
 21435 | Lair:2   | Acquired 1060 gold pieces
 22225 | Lair:3   | Learned a level 3 spell: Dazzling Flash
 22297 | Lair:3   | Found a staircase to the Shoals.
 22664 | Lair:4   | Noticed Josephine
 22670 | Lair:4   | Killed Josephine
 22736 | Lair:4   | Upgraded the game from 0.29-a0-837-g174bc33265 to
                  | 0.29-a0-839-g4793fd635e
 22800 | Lair:4   | Found a runed translucent door.
 22800 | Lair:4   | Noticed 27snakeeyes612's ghost (journeyman TrBe)
 23037 | Lair:4   | Reached ****** piety under Dithmenos
 24036 | Lair:4   | Reached skill level 15 in Hexes
 24121 | Lair:4   | Reached XP level 15. HP: 73/78 MP: 20/31
 24368 | Lair:5   | Found a gate leading to a gauntlet.
 24374 | Gauntlet | Entered a Gauntlet
 24374 | Gauntlet | Found a transporter.
 24386 | Gauntlet | Found a transporter.
 24399 | Gauntlet | Found a transporter.
 24404 | Gauntlet | Found a transporter.
 24419 | Gauntlet | Found a transporter.
 24438 | Gauntlet | Found a transporter.
 24450 | Gauntlet | Found a transporter.
 24462 | Gauntlet | Found a transporter.
 24474 | Gauntlet | Found a transporter.
 24486 | Gauntlet | Found a transporter.
 24503 | Gauntlet | Found a transporter.
 24503 | Gauntlet | Found a transporter.
 24523 | Gauntlet | Found a transporter.
 24543 | Gauntlet | Found a transporter.
 24636 | Gauntlet | Found a transporter.
 24661 | Gauntlet | Found a transporter.
 24663 | Gauntlet | Found a transporter.
 24683 | Gauntlet | Found a transporter.
 24984 | Gauntlet | Identified the +0 hat "Ajewkur" {rF+}
 25055 | Lair:5   | Acquired 1073 gold pieces
 25132 | Lair:5   | Reached skill level 15 in Spellcasting
 25306 | Lair:5   | Found a staircase to the Slime Pits.
 25306 | Lair:5   | Found a viscous altar of Jiyva.
 25681 | Lair:5   | Learned a level 2 spell: Blink
 25690 | Lair:5   | Learned a level 8 spell: Discord
 25852 | Lair:6   | Entered Level 6 of the Lair of Beasts
 26170 | Lair:6   | Identified the +3 ring mail of the Farmer {-Tele *Corrode
                  | Will+++ Slay+2}
 27130 | Orc:1    | Entered Level 1 of the Orcish Mines
 27478 | Orc:2    | Entered Level 2 of the Orcish Mines
 27479 | Orc:2    | Found Gafoclohe's Antique Weapon Emporium.
 27479 | Orc:2    | Found Plog's Armour Shop.
 27480 | Orc:2    | Found Paubaac's Armour Shop.
 27480 | Orc:2    | Found Piyhuidy's Armour Shoppe.
 27493 | Orc:2    | Reached XP level 16. HP: 83/83 MP: 32/32
 27612 | Orc:2    | Bought the +3 warlock's mirror {reflect} for 480 gold
                  | pieces
 27612 | Orc:2    | Found the +3 warlock's mirror {reflect}
 27645 | Orc:2    | Found a staircase to the Elven Halls.
 27785 | Orc:2    | Found a radiant altar of Vehumet.
 28185 | Orc:2    | Found a frozen archway.
 28203 | IceCv    | Entered an ice cave
 28753 | IceCv    | Reached skill level 1 in Shields
 29836 | IceCv    | Got Wicuar's Almanac of Elliptic Flames
 30326 | Orc:1    | Found Xobi's General Store.
 30409 | Orc:1    | Bought a potion of resistance for 140 gold pieces
 30715 | D:15     | Entered Level 15 of the Dungeon
 31082 | D:15     | Noticed Agnes
 31084 | D:15     | Killed Agnes
 31411 | D:15     | Found a staircase to the Depths.
 32452 | Snake:1  | Entered Level 1 of the Snake Pit
 33594 | Snake:1  | Reached skill level 5 in Shields
 34741 | Snake:2  | Learned a level 4 spell: Cause Fear
 34827 | Snake:2  | Noticed Aizul
 34830 | Snake:2  | Killed Aizul
 34836 | Snake:2  | You fall into a shaft and drop 1 floor!
 34888 | Snake:3  | Reached XP level 17. HP: 74/86 MP: 14/33
 35013 | Snake:3  | Noticed Kirke
 35022 | Snake:3  | Killed Kirke
 36715 | Snake:2  | Found a sacrificial altar of Ru.
 37502 | Snake:4  | Entered Level 4 of the Snake Pit
 38067 | Snake:4  | Acquired the amulet "Ostrythri" {Fly Regen+ Dex-2 Stlth+}
 38491 | Snake:4  | Found Gotoel's Armour Shop.
 38495 | Snake:4  | Found Doapan Itry's Distillery.
 38495 | Snake:4  | Found Syroment's Weapon Boutique.
 38500 | Snake:4  | Found Letrecod's Magic Scroll Boutique.
 38523 | Snake:4  | Bought a scroll of teleportation for 54 gold pieces
 38523 | Snake:4  | Bought a scroll of fear for 72 gold pieces
 38523 | Snake:4  | Bought a scroll of teleportation for 54 gold pieces
 38523 | Snake:4  | Bought a scroll of vulnerability for 72 gold pieces
 38523 | Snake:4  | Bought a scroll of enchant armour for 135 gold pieces
 38523 | Snake:4  | Bought a scroll of blinking for 135 gold pieces
 38547 | Snake:4  | Bought a potion of berserk rage for 55 gold pieces
 38547 | Snake:4  | Bought a potion of brilliance for 44 gold pieces
 38547 | Snake:4  | Bought a potion of curing for 33 gold pieces
 38547 | Snake:4  | Bought a potion of heal wounds for 55 gold pieces
 38547 | Snake:4  | Bought a potion of curing for 33 gold pieces
 38547 | Snake:4  | Bought a potion of might for 44 gold pieces
 38547 | Snake:4  | Bought a potion of brilliance for 44 gold pieces
 38547 | Snake:4  | Bought a potion of might for 44 gold pieces
 39244 | Snake:4  | HP: 4/88 [anaconda (8)]
 39429 | Snake:4  | Found Ahylol's Neck Hole.
 39435 | Snake:4  | Bought a +0 cloak for 85 gold pieces
 39750 | Snake:4  | Reached skill level 10 in Fighting
 40019 | Snake:4  | Noticed Vashnia
 40039 | Snake:4  | Killed Vashnia
 40055 | Snake:4  | Reached XP level 18. HP: 50/93 MP: 18/35
 40594 | Snake:4  | Got a serpentine rune of Zot
 40781 | Shoals:1 | Entered Level 1 of the Shoals
 41055 | Shoals:1 | Noticed Nikola
 41057 | Shoals:1 | Killed Nikola
 42065 | Shoals:2 | Noticed Ilsuiw
 42072 | Shoals:2 | Killed Ilsuiw
 42073 | Shoals:2 | Noticed Polyphemus
 42127 | Shoals:2 | Killed Polyphemus
 42436 | Shoals:2 | Acquired 1107 gold pieces
 42921 | Shoals:3 | Found a runed translucent gate.
 42921 | Shoals:3 | Found a runed translucent gate.
 42921 | Shoals:3 | Found a runed translucent gate.
 42927 | Shoals:3 | Noticed Vabbol's ghost (journeyman TrBr)
 43470 | Shoals:3 | Identified the +7 mace of Chance {drain, *Corrode rElec
                  | Dex+7}
 43941 | Shoals:4 | Entered Level 4 of the Shoals
 44503 | Shoals:4 | Reached XP level 19. HP: 83/100 MP: 33/37
 44624 | Shoals:4 | Identified the +0 pair of boots "Fuusche" {rElec rC+ SInv
                  | Stlth-}
 44627 | Shoals:4 | Got a barnacled rune of Zot
 44634 | Shoals:4 | Identified the +0 robe of Rotation {Will+}
 45214 | Vaults:1 | Entered Level 1 of the Vaults
 45296 | Vaults:1 | Found Yniluwor's Jewellery Emporium.
 45320 | Vaults:1 | Found Vuryucw's Magic Scroll Shop.
 45347 | Vaults:1 | Bought a scroll of immolation for 72 gold pieces
 45347 | Vaults:1 | Bought a scroll of blinking for 135 gold pieces
 45347 | Vaults:1 | Bought a scroll of enchant weapon for 135 gold pieces
 45347 | Vaults:1 | Bought a scroll of immolation for 72 gold pieces
 46277 | Vaults:1 | Found Guumo's Antique Armour Emporium.
 46419 | Vaults:1 | Found Viloxe Xeid's Weapon Shop.
 47889 | Vaults:2 | Found Dybu's Assorted Antiques.
 47895 | Vaults:2 | Bought 2 potions of heal wounds for 390 gold pieces
 47895 | Vaults:2 | Bought a potion of curing for 117 gold pieces
 47895 | Vaults:2 | Bought a potion of heal wounds for 195 gold pieces
 48421 | Vaults:2 | Learned a level 5 spell: Lee's Rapid Deconstruction
 48582 | Vaults:2 | Reached skill level 1 in Earth Magic
 48589 | Vaults:2 | Reached XP level 20. HP: 107/107 MP: 33/39
 49147 | Vaults:3 | Found a staircase to the Crypt.
 49339 | Vaults:3 | Reached skill level 5 in Earth Magic
 50376 | Vaults:3 | Identified the amulet "Rocherenn" {RegenMP +Blink rCorr
                  | Stlth+}
 50465 | Vaults:3 | Identified the +2 pair of boots of the Devil {Harm Int+6
                  | SInv}
 52853 | Elf:1    | Entered Level 1 of the Elven Halls
 52949 | Elf:1    | Found Ceicziukh's General Store.
 52972 | Elf:1    | Bought a potion of berserk rage for 65 gold pieces
 52972 | Elf:1    | Bought a potion of heal wounds for 65 gold pieces
 52972 | Elf:1    | Bought 2 potions of haste for 260 gold pieces
 52972 | Elf:1    | Bought a potion of curing for 39 gold pieces
 53025 | Elf:1    | Found Gycrit's Weapon Shoppe.
 53113 | Elf:1    | Reached XP level 21. HP: 112/112 MP: 40/40
 53232 | Elf:1    | Found Gopio's Antique Weapon Shoppe.
 53493 | Elf:1    | Reached skill level 15 in Dodging
 53510 | Elf:1    | Got the Catalogue of Bolts
 54757 | Elf:2    | Found a huge runed translucent gate.
 54757 | Elf:2    | Found a huge runed translucent gate.
 54757 | Elf:2    | Found a huge runed translucent gate.
 54757 | Elf:2    | Found a huge runed translucent gate.
 54761 | Elf:2    | Found a huge runed translucent gate.
 54846 | Elf:2    | Paralysed by an air elemental for 1 turns
 54848 | Elf:2    | Paralysed by an air elemental for 1 turns
 54854 | Elf:2    | Paralysed by an air elemental for 1 turns
 55068 | Elf:3    | Entered Level 3 of the Elven Halls
 55279 | Elf:3    | Acquired 430 gold pieces
 56258 | Elf:3    | Identified the ring "Riesmon" {rElec AC+4 Str-2 Dex+2}
 56501 | Elf:3    | Killed from afar by a deep elf annihilator

Illustrated notes

Levels and vault maps discovered:
D:1:      lemuel_arrival_muddy, layout_basic, serial_forest,
          infiniplex_forest_clump_curved, infiniplex_forest_clump_tiny,
          infiniplex_forest_straight_5, infiniplex_forest_3_way,
          infiniplex_forest_clump_large, infiniplex_forest_diagonal,
          basic_ecumenical_altar
D:2:      layout_loops_ring, grunt_ministairs_5
D:3:      layout_rooms, vehumet_crystals, chequers_mini_garden,
          chequers_serial_rivers_micro_a, lemuel_flame_loot_1
D:4:      layout_basic, gammafunk_ghost_abyssal_escape,
          hangedman_abyss_or_decor_slice, fountainhead, eino_curves_02
D:5:      layout_rooms, nicolae_yredelemnul_corpse_copse,
          minmay_temple_entry_nine_rooms
D:6:      layout_cave_pods, gammafunk_temple_overflow_pools,
          serial_column_ruins, column_ruins_hut_ruined,
          column_ruins_columns_corner, column_ruins_grid_1,
          column_ruins_open_medium, column_ruins_columns_corner,
          gammafunk_ghost_stat_death
D:7:      layout_loops_cross, amcnicky_altar_gilded, enter_bailey_3,
          minmay_misc_feat_rows, minmay_bent, uniq_pikel, uniq_joseph
D:8:      layout_cave_pools, kiku_gazebo_garden_becter, serial_gnoll_camp,
          gnoll_camp_mini_hut, gnoll_camp_mini_basic, gnoll_camp_mini_hut,
          gnoll_camp_mini_sergeant, gnoll_camp_mini_hut
D:9:      layout_cave_pools
D:10:     minmay_razor_zed, layout_irregular_city, slow_altar_1, zin_purify,
          lemuel_doored_altar, serial_undead, serial_undead_f, serial_undead_f,
          serial_undead_a, serial_undead_f, due_unseen_surprise, uniq_harold,
          uniq_psyche, uniq_urug
D:11:     layout_roguey, serial_shops, shop, shop_statue
D:12:     minmay_tri_stars, layout_layer_cave, minmay_misc_feat_room,
          minmay_hidden_floor
D:13:     layout_small_grid, grunt_vaults_entry_tiered, drop_trap, uniq_snorg,
          uniq_sonja
D:14:     layout_roguey, gammafunk_ghost_split, kennysheep_big_empty_room,
          kennysheep_windowed_goal
D:15:     grunt_enter_depths_magical_seal, layout_basic, minivault_26,
          uniq_agnes
Temple:   cyrus_circular_temple
Lair:1:   layout_loops_ring
Lair:2:   minmay_lair_oklob_chamber, layout_regular_city,
          minmay_snake_entry_guardpost_medium, uniq_maggie
Lair:3:   layout_misc_corridors, minmay_shoals_entry_lonely_mermaid
Lair:4:   regret_index_wax_grids, layout_misc_corridors, gammafunk_ghost_grave,
          grunt_megastairs_4, lemuel_fruit_fields, uniq_josephine
Lair:5:   layout_loops_ring, slime_entry_1, gauntlet_entry_generic
Lair:6:   grunt_lair_end_beastmaster, layout_misc_corridors
Shoals:1: layout_shoals, nicolae_shoals_lost_giant_hut, uniq_nikola
Shoals:2: layout_shoals, uniq_ilsuiw, uniq_polyphemus
Shoals:3: layout_shoals, gammafunk_ghost_necromancy
Shoals:4: shoals_end_hellmonk_lost_city
Snake:1:  layout_misc_corridors
Snake:2:  kennysheep_six_static_rooms, layout_misc_corridors,
          lemuel_oklob_altar, uniq_aizul
Snake:3:  layout_misc_corridors, uniq_kirke
Snake:4:  grunt_snake_rune_serpentine_throne, layout_cave_town,
          nicolae_shop_sticking_my_neck_out, minmay_shoptagon
Orc:1:    layout_caves, serial_shops, nicolae_square_shop, lemuel_statue_altar
Orc:2:    st_orc_ogre_mass, layout_caves, portal_ice_cave_demonic_guard,
          basic_altar
Elf:1:    eino_elf_arrival_shootout, layout_loops_corners, serial_shops,
          nicolae_shop_statue_plus, nicolae_shop_window_shopping,
          nicolae_shop_hallway_stairs, minmay_elf_annihilation, minivault_23,
          st_stairs_9
Elf:2:    elven_hall_of_blades_hangedman_alternative [nicolae_blade_lattice],
          layout_geoelf_grid, grunt_megastairs_3
Elf:3:    minmay_elf_hall_four_x, layout_rooms, hangedman_elf_simple_split,
          dk_noncrumbling_3
Vaults:1: vaults_room_hallway, ontoclasm_vaults_eye, ontoclasm_vaults_pinch,
          v_misc_26, v_alt_pattern_3, vaults_standard_mumra_lines,
          ontoclasm_vaults_gateway, hangedman_vaults_slice,
          vaults_room_guarded_vault, vaults_dpeg_diagonal,
          layout_vaults_chaotic_city, serial_shops, nicolae_shop_crystal, shop,
          shop, nicolae_shop_hallway_stairs
Vaults:2: v_misc_29, hangedman_vaults_slither, ontoclasm_vaults_idyll,
          grunt_vaults_bifocal, vaults_dpeg_spiral,
          nicolae_vaults_border_crossing, v_rooms_5, v_misc_1, v_misc_13,
          nicolae_vaults_mini_display_case, layout_vaults_quadrants,
          serial_shops, shop
Vaults:3: hangedman_vaults_slice, nicolae_vaults_alarming,
          minmay_crypt_entry_simple_plaza, st_greater_box_1,
          ontoclasm_vaults_idyll, ontoclasm_vaults_shuriken,
          grunt_vaults_diagonal, nicolae_vaults_yaktaur_gun_rack,
          hangedman_vaults_corner, v_misc_2, hangedman_vaults_locks,
          nicolae_vaults_little_squares_3, nicolae_vaults_little_squares_6,
          serial_ice_g, layout_vaults_big_cross
Vaults:4: hangedman_vaults_river_flow, vaults_mumra_bighexcomb,
          nicolae_vaults_rhombus_6, nicolae_vaults_twisting_passages,
          hangedman_vaults_corner_blocks, ontoclasm_vaults_ring_square,
          v_misc_9, hangedman_vaults_pinch, v_misc_22, hangedman_vaults_slice,
          nicolae_vaults_theta, nicolae_vaults_what_the_h,
          ontoclasm_vaults_twist, ontoclasm_vaults_decontamination,
          layout_vaults_ring

Skill      XL: |  1  2  3  4  5  6  7  8  9 10 11 12 13 14 15 16 17 18 19 20 21 |
---------------+----------------------------------------------------------------+-----
Spellcasting   | 3 4 5 6 7 9 10 11 12 13 14 15 16 17 18 19 20 | 20.0
Hexes          | 4 5 6 7 9 10 11 12 13 14 15 19 21 22 23 24 | 24.3
Stealth        | 5 6 8 10 11 12 14 15 17 18 20 21 23 24 | 24.6
Dodging        | 5 7 8 10 12 13 14 15 | 15.9
Fighting       | 2 3 5 6 7 8 10 11 12 13 | 13.1
Short Blades   | 3 5 7 8 9 11 12 | 12.0
Shields        | 5 7 8 9 |  9.0
Earth Magic    | 1 8 |  8.0

Action                   |  1- 3 |  4- 6 |  7- 9 | 10-12 | 13-15 | 16-18 | 19-21 || total
-------------------------+-------+-------+-------+-------+-------+-------+-------++-------
Melee: Dagger            |    97 |    94 |   135 |   516 |  1251 |  1206 |   677 ||  3976
       Punch             |     5 |     1 |     1 |     4 |    29 |     1 |       ||    41
Throw: Throwing net      |       |       |       |       |       |       |     1 ||     1
 Cast: Ensorcelled Hiber |    15 |    17 |    44 |    87 |   105 |    74 |    38 ||   380
       Tukima's Dance    |       |     5 |     8 |    18 |     5 |    18 |     5 ||    59
       Confusing Touch   |       |     2 |     4 |    28 |    17 |     9 |    11 ||    71
       Dazzling Flash    |       |       |       |       |    20 |    31 |    22 ||    73
       Discord           |       |       |       |       |       |    51 |    78 ||   129
       Cause Fear        |       |       |       |       |       |     4 |       ||     4
       Lee's Rapid Decon |       |       |       |       |       |       |     7 ||     7
Invok: Shadow Step       |       |       |       |       |     3 |     5 |     1 ||     9
Evoke: Wand              |       |       |       |       |     4 |     5 |     1 ||    10
       Condenser vane    |       |       |       |       |     3 |     4 |       ||     7
       Phial of floods   |       |       |       |       |       |     1 |       ||     1
  Use: Scroll            |     3 |     8 |     3 |     8 |    22 |    12 |    10 ||    66
       Potion            |       |       |     5 |     3 |     5 |    11 |     6 ||    30
 Stab: Sleeping          |    13 |    15 |    32 |    86 |   134 |   163 |   128 ||   571
       Confused          |       |     2 |     6 |    30 |    15 |     6 |     6 ||    65
       Distracted        |       |       |     1 |     3 |    17 |    14 |    10 ||    45
       Invisible         |       |       |     1 |       |    17 |    22 |     9 ||    49
Armor: Robe              |     4 |    11 |    18 |    73 |    95 |    11 |       ||   212
       Steam dragon scal |       |       |       |       |       |    67 |    56 ||   123
Dodge: Dodged            |    55 |    53 |   124 |   546 |  1056 |   771 |   360 ||  2965
Block: Buckler           |       |       |       |       |       |   398 |   255 ||   653
       Reflection        |       |       |       |       |       |    35 |    50 ||    85

Table legend: (Time is in decaauts)
 A = Elapsed time spent in this place.
 B = Non-inter-level travel time spent in this place.
 C = Inter-level travel time spent in this place.
 D = Time resting spent in this place.
 E = Time spent auto-exploring this place.
 F = Levels seen in this place.
 G = Mean time per level.
                   A        B        C        D        E       F      G
               +--------+--------+--------+--------+--------+-----+--------+
         Total |  42279 |  40440 |   1839 |   6998 |  24838 |  42 | 1006.6 |
       Dungeon |  16084 |  15209 |    875 |   1302 |  11162 |  15 | 1072.3 |
        Temple |     36 |     27 |      9 |      0 |     18 |   1 |   36.0 |
          Lair |   4972 |   4632 |    340 |    851 |   2602 |   6 |  828.7 |
        Shoals |   2984 |   2910 |     74 |    437 |   1705 |   4 |  746.0 |
     Snake Pit |   6004 |   5851 |    153 |   1967 |   2760 |   4 | 1501.0 |
  Orcish Mines |    928 |    851 |     77 |     22 |    617 |   2 |  464.0 |
   Elven Halls |   2656 |   2546 |    110 |    517 |   1386 |   3 |  885.3 |
        Vaults |   5264 |   5066 |    198 |    579 |   3179 |   4 | 1316.0 |
        Bailey |   1161 |   1161 |      0 |    474 |    495 |   1 | 1161.0 |
      Ice Cave |   1717 |   1717 |      0 |    734 |    737 |   1 | 1717.0 |
      Gauntlet |    468 |    468 |      0 |    112 |    173 |   1 |  468.0 |
               +--------+--------+--------+--------+--------+-----+--------+

Top non-repeatable levels by time:
 Snake:4: 2435 daAuts
    D:10: 2347 daAuts
 Snake:3: 1760 daAuts
   IceCv: 1717 daAuts
    D:12: 1619 daAuts
Vaults:3: 1513 daAuts
  Lair:2: 1462 daAuts
Vaults:1: 1338 daAuts
     D:8: 1323 daAuts
     D:4: 1317 daAuts
     D:6: 1241 daAuts
     D:2: 1230 daAuts
  Lair:4: 1224 daAuts
Vaults:4: 1206 daAuts
Vaults:2: 1205 daAuts
